 Dungeon Crawl Stone Soup version 0.28.0-53-g5a82cb258f (webtiles) character file.

Game seed: 9166715766343966683

226 Gabide the Ducker (level 6, -3/49 HPs)
             Began as a Human Monk on June 1, 2022.
             Killed from afar by an orc wizard (6 damage)
             ... with a magic dart
             ... on level 2 of the Dungeon.
             The game lasted 00:04:05 (3836 turns).

Gabide the Ducker (Human Monk)                      Turns: 3836, Time: 00:04:06

Health: -3/49      AC:  4    Str:  7 (9)  XL:     6   Next: 21%
Magic:  6/6        EV: 11    Int:  9 (10) God:
Gold:   167        SH:  5    Dex: 18 (20) Spells: 5/5 levels left

rFire   . . .      SeeInvis .   a - +0 spear
rCold   . . .      Faith    .   (no shield)
rNeg    . . .      Spirit   .   d - +2 ring mail
rPois   .          Reflect  +   (helmet restricted)
rElec   .          Harm     .   (no cloak)
rCorr   .          Rampage  .   (no gloves)
Will    .....                   (no boots)
Stlth   ++........              l - amulet of reflection
HPRegen 0.16/turn               (no ring)
MPRegen 0.10/turn               (no ring)

@: lethally poisoned (-3 -> -13), about to teleport, weak-willed
A: antennae 1, agile 1, deformed body, weak 1
a: no special abilities


You were on level 2 of the Dungeon.
You visited 1 branch of the dungeon, and saw 3 of its levels.

You collected 167 gold pieces.

Inventory:

Hand Weapons
 a - a +0 spear (weapon)
Armour
 b - a +0 robe
 d - a +2 ring mail (worn)
Jewellery
 l - an amulet of reflection (around neck)
Scrolls
 c - a scroll of amnesia {unknown}
 i - a scroll of teleportation


   Skills:
 + Level 4.4 Fighting
 + Level 4.4 Polearms
 + Level 4.4 Dodging
 - Level 2.0 Stealth


You had 5 spell levels left.
You didn't know any spells.
Your spell library contained the following spells:

 Spells                   Type           Power      Damage    Failure   Level
 Shock                    Conj/Air       0%         1d3       82%         1
 Swiftness                Air            0%         N/A       99%         3
 Airstrike                Air            0%         N/A       100%        4


Dungeon Overview and Level Annotations

Branches:
Dungeon (3/15)

Altars:

Shops:
D:2 =[[(*


Innate Abilities, Weirdness & Mutations

You have a pair of small antennae on your head.
You are agile. (Dex +2)
Armour fits poorly on your strangely shaped body.
You are weak. (Str -2)


Message History

There is a stone staircase leading up here.
You miss the orc wizard.
The orc wizard is severely wounded.
You feel sick.
The orc wizard hits you but does no damage.
You are more poisoned.
You feel very sick.
Things that are here:
a +0 short sword; a +0 dagger You bump into the rock wall.
You feel very sick.
The orc wizard points at you and mumbles some strange words.
The magic dart hits you.
* * * LOW HITPOINT WARNING * * *
You barely miss the orc wizard.
The orc wizard is severely wounded.
* * * LOW HITPOINT WARNING * * *
You feel very sick.
The orc wizard gestures at you while chanting.
You resist with some effort.
You closely miss the orc wizard.
The orc wizard is severely wounded.
You feel less confused.
* * * LOW HITPOINT WARNING * * *
You feel sick.
The orc wizard hits you but does no damage.
You are lethally poisoned!
As you read the scroll labelled ZUUZXE JOWIMIPIUH, it crumbles to dust.
Magic quickly surges around you.
It was a scroll of vulnerability.
* * * LOW HITPOINT WARNING * * *
You feel very sick.
The orc wizard points at you and mumbles some strange words.
The puff of flame misses you.
As you read the scroll of teleportation, it crumbles to dust.
You feel strangely unstable.
* * * LOW HITPOINT WARNING * * *
You feel very sick.
The orc wizard points at you and mumbles some strange words.
The magic dart hits you.
You die...

..######....# #.#..............#
...# #.....# #...##....÷......#
...# #.....########.###.########
..######.....# #....#.........≈≈
.###..###....# #.####........≈≈≈
###....###...####.####........≈≈∩
##......##...+............###.≈≈.
......[......####.........# #..≈.
#...#...#......o@.........# ##...
#.#.[.[>#.....###.........# ####
#...<.#)#####.###.........#####..
#######.# #...'.........##....#
........#########.........#..##.#
##########....# #................
#####...'∩...# #........#.###.##
#.....###....####...###.#.#.....
##'#######....'......# #.###.#.#.


You could see an orc wizard (weak-willed).

Vanquished Creatures
  An orc priest (D:2)
  An orc wizard (D:2)
  Natasha (thrice) (D:2)
  3 adders
  A dart slug (D:2)
  2 orcs
  6 ball pythons
  8 bats
  5 endoplasms
  5 giant cockroaches
  5 goblins
  8 hobgoblins
  3 quokkas
  3 frilled lizards
  3 kobolds
  6 rats
63 creatures vanquished.

Notes
Turn   | Place    | Note
-------+----------+-------------------------------------------
     0 | D:1      | Gabide the Human Monk began the quest for the Orb.
     0 | D:1      | Reached XP level 1. HP: 18/18 MP: 1/1
   195 | D:1      | Reached XP level 2. HP: 20/24 MP: 2/2
   687 | D:1      | Reached XP level 3. HP: 28/29 MP: 3/3
  1468 | D:2      | Reached XP level 4. HP: 34/36 MP: 4/4
  1518 | D:2      | Found Butsitat's Antique Armour Shop.
  1683 | D:2      | Found Tiroamot's Antique Armour Boutique.
  1744 | D:2      | Found Ledu Qos's Antique Weapon Shoppe.
  2060 | D:2      | Found Emoweb's Assorted Antiques.
  2063 | D:2      | Noticed Natasha
  2072 | D:2      | Killed Natasha
  2235 | D:2      | Reached XP level 5. HP: 42/42 MP: 5/5
  2261 | D:2      | Noticed Natasha
  2282 | D:2      | Killed Natasha
  2557 | D:2      | Found Fobith's Jewellery Shop.
  2639 | D:2      | Noticed Natasha
  2652 | D:2      | Killed Natasha
  2738 | D:2      | Found a faded altar of an unknown god.
  3174 | D:2      | Reached XP level 6. HP: 29/48 MP: 6/6
  3511 | D:2      | Gained mutation: You have a pair of small antennae on your
                  | head. [potion of mutation]
  3511 | D:2      | Gained mutation: You are weak. (Str -2) [potion of
                  | mutation]
  3511 | D:2      | Gained mutation: Armour fits poorly on your strangely
                  | shaped body. [potion of mutation]
  3511 | D:2      | Gained mutation: You are agile. (Dex +2) [potion of
                  | mutation]
  3836 | D:2      | Killed from afar by an orc wizard

Illustrated notes

Levels and vault maps discovered:
D:1:      beargit_arrival_greenhouse, layout_basic, hangedman_glass_teeth
D:2:      layout_basic, dreamdust_ecumenical_altar_angels_and_demons,
          serial_shops, shop, shop, nicolae_shop_statue_plus,
          nicolae_diamond_shop, nicolae_shop_waterfront, grunt_ministairs_2,
          minmay_misc_feat_roman, chequers_avenue, minivault_19, uniq_natasha
D:3:      layout_rooms, serial_shops, nicolae_shop_waterfront

Skill      XL: |  1  2  3  4  5 |
---------------+----------------+-----
Fighting       | 4 |  4.4
Polearms       | 4 |  4.4
Dodging        | 4 |  4.4
Stealth        | |  2.0

Action                   |  1- 3 |  4- 6 || total
-------------------------+-------+-------++-------
Melee: Spear             |   113 |   172 ||   285
       Punch             |     1 |     4 ||     5
  Use: Scroll            |     1 |     5 ||     6
       Potion            |       |     5 ||     5
 Stab: Sleeping          |     4 |     6 ||    10
       Distracted        |       |     1 ||     1
Armor: Robe              |    11 |       ||    11
       Ring mail         |     5 |    58 ||    63
Dodge: Dodged            |    60 |    95 ||   155
Block: Other             |       |    14 ||    14
       Reflection        |       |     1 ||     1
